[Event "*** Titled Tuesday Blitz"]
[Site "Chess.com"]
[Date "2018.05.01"]
[Round "6"]
[White "Zaven_ChessMood"]
[Black "JSPrepz"]
[Result "1-0"]
[WhiteElo "2868"]
[BlackElo "2637"]
[TimeControl "180+2"]
[EndTime "14:23:06 PDT"]
[Termination "Zaven_ChessMood won by resignation"]

1. e4 e5 2. Nf3 Nc6 3. Bc4 Nf6 4. d3 Be7 5. O-O O-O 6. Nc3 d6 7. a4 Kh8 8. h3 Ng8 9. Nd5 f5 10. c3 Nf6 11. Nxe7 Qxe7 12. exf5 Bxf5 13. Re1 Rae8 14. Bg5 Qd7 15. Bxf6 Rxf6 16. Bd5 Ref8 17. Re3 Ne7 18.
Be4 Ng6 19. d4 Bxe4 20. Rxe4 exd4 21. Qxd4 Nf4 22. Ne1 Qf5 23. Qe3 Nd5 24. Qe2 Qxf2+ 25. Qxf2 Rxf2 26. Rd1 Nf6 27. Re7 Rxb2 28. Rxc7 Ne4 29.
Nf3 h6 30. Re1 d5 31. c4 Rc2 32. Rxb7 Nc5 33. Rxa7 dxc4 34. a5 Nd3 35. Ree7 Rg8 36. a6 Nf4 37. Nh4 Ra2 38. Re4 c3 39. Rxf4 c2 40. Rf1 Rb8 41. Rb7 Rd8 42. a7 Rd1 43.
Rc7 Raa1 44. a8=Q+ Rxa8 45. Rxc2 Rd4 46. Nf3 Rf4 47.
Rcf2 Kh7 48. Ne5 Re4 49. Ng4 Rd4 50. Rf7 Ra2 51. R1f2 Rd1+ 52. Kh2 Raa1 53. Re7 h5 54. Ne3 Re1 55. Nf5 Rh1+ 56. Kg3 h4+ 57. Kxh4 Kg6 58. Rxg7+ Kf6 59. Rg4 Ra8 60. Ng3+ 1-0

[Event "*** Titled Tuesday Blitz"]
[Site "Chess.com"]
[Date "2018.05.01"]
[Round "6"]
[White "daro94"]
[Black "gmjlh"]
[Result "1-0"]
[WhiteElo "2732"]
[BlackElo "2614"]
[TimeControl "180+2"]
[EndTime "14:23:12 PDT"]
[Termination "daro94 won on time"]

1. e4 c6 2. d4 d5 3. exd5 cxd5 4. Bd3 Nf6 5. c3 Nc6 6. Bf4 Bg4 7. Qb3 Qd7 8. Nd2 e6 9. Ngf3 Bd6 10.
Be5 O-O 11. O-O Rab8 12. Rae1 Bxf3 13. Nxf3 Ne8 14. Qc2 g6 15. h4 b5 16. h5 Bxe5 17. Nxe5 Nxe5 18. Rxe5 b4 19. Rfe1 bxc3 20. bxc3 Nf6 21.
Qd2 Qd8 22. hxg6 hxg6 23. Qf4 Kg7 24. Qg3 Rh8 25. f4 Rh6 26. f5 exf5 27. Rxf5 Rb2 28. Rf2 Rxf2 29. Kxf2 Qa5 30. Bb1 Qa3 31. Qd3 Ng4+ 32.
Kg3 Nf6 33. Qd2 Qd6+ 34. Kf3 Rh2 35. Re5 Nh5 36. Qg5 Rh1 37. Bd3 Qc6 38. Re7 Qd6 39.
Qe5+ Qxe5 40. dxe5 Kf8 41. Rxa7 Rc1 42. Ke3 Rxc3 43.
Kd4 Rc1 44. e6 fxe6 45. Bxg6 Ng3 46. a4 Re1 47. a5 Ne2+ 48. Ke5 d4 49. Kf6 Rf1+ 50.
Ke5 Re1 51. Kf6 Rf1+ 52. Kg5 e5 53.
a6 Nf4 54. Be4 d3 55. Rd7 Ra1 56. a7 d2 57. a8=Q+ Rxa8 58. Bxa8 Ne6+ 59. Kf6 1-0

[Event "*** Titled Tuesday Blitz"]
[Site "Chess.com"]
[Date "2018.05.01"]
[Round "6"]
[White "aa175"]
[Black "Pudor"]
[Result "0-1"]
[WhiteElo "1856"]
[BlackElo "2224"]
[TimeControl "180+2"]
[EndTime "14:23:21 PDT"]
[Termination "Pudor won by checkmate"]

1. e4 c5 2. b4 cxb4 3. Nf3 Nc6 4.
a3 bxa3 5. Rxa3 e6 6. Nc3 Bxa3 7.
Bxa3 Nge7 8. e5 O-O 9. Ne4 Qa5 10. Bxe7 Nxe7 11. Bd3 Ng6 12. Neg5 d6 13. h4 h6 14.
exd6 Ne5 15. Bh7+ Kh8 16. Nxe5 Qxe5+ 17. Kf1 Bd7 18. Bd3 Bb5 19. c4 Qd4 20. Qe2 Qa1+ 21.
Qe1 Qxe1+ 22. Kxe1 Bc6 23. f3 b6 24. Kf2 Rad8 25.
Be4 Rxd6 26. Bxc6 Rxc6 27. Ne4 Rxc4 28. Ra1 a5 29. Rb1 Rb4 30. Rc1 Rd8 31. Rc7 Kg8 32.
Kg3 a4 33. Ra7 b5 34. Nc5 Rc4 35. Rc7 a3 36. d3 Rxc5 37. Rxc5 a2 38. Rc1 b4 39. d4 b3 40. Ra1 b2 41. Rxa2 b1=Q 42. Rf2 Qb8+ 43. f4 Rxd4 44. Rf3 e5 45. fxe5 Qxe5+ 46. Kh3 Qe6+ 47. Kh2 Rxh4+ 48. Kg1 Qe1+ 49. Rf1 Rh1+ 50.
Kxh1 Qxf1+ 51. Kh2 Qxg2+ 52. Kxg2 Kh7 53. Kf3 Kg6 54.
Kg3 Kg5 55. Kh3 f5 56. Kg3 f4+ 57. Kf3 Kf5 58. Kf2 g5 59. Kg1 g4 60. Kf1 h5 61.
Kg1 h4 62. Kf1 Ke4 63. Ke1 Kf3 64. Kd2 Kg2 65. Kc3 f3 66. Kd4 f2 67. Kc5 f1=N 68.
Kd6 g3 69. Ke7 h3 70. Kf8 h2 71. Ke7 h1=B 72. Kf7 Kh2 73. Kg7 g2 74. Kf7 g1=Q 75. Ke6 Kg3 76. Kd6 Kf4 77. Kc7 Ke5 78. Kb8 Qb6+ 79. Kc8 Qb7+ 80. Kd8 Kd6 81. Ke8 Qe7# 0-1

[Event "*** Titled Tuesday Blitz"]
[Site "Chess.com"]
[Date "2018.05.01"]
[Round "6"]
[White "DrVelja"]
[Black "MattyDPerrine"]
[Result "1-0"]
[WhiteElo "2537"]
[BlackElo "2299"]
[TimeControl "180+2"]
[EndTime "14:23:26 PDT"]
[Termination "DrVelja won by resignation"]

1. e4 c5 2. Nf3 e6 3. d4 cxd4 4.
Nxd4 Nc6 5. Nc3 Qc7 6. Be3 a6 7. Qf3 Nf6 8. O-O-O Ne5 9. Qg3 d6 10. f4 Nc4 11. Bxc4 Qxc4 12. e5 Nd5 13. Nxd5 Qxd5 14. Kb1 dxe5 15. fxe5 Bd7 16. Nf5 Qe4 17. Nxg7+ Bxg7 18.
Qxg7 O-O-O 19. Bb6 Rdf8 20. Qg3 Rhg8 21. Qc3+ Qc6 22.
Bc5 Rd8 23. Rd6 Qxg2 24. Rhd1 Bc6 25. Bb6 Rxd6 26. exd6 Kb8 27. d7 Bxd7 28. Qc7+ Ka8 29. Qxd7 Qxh2 30. Qxf7 Rc8 31. c3 Qe2 32. Qf1 Qe4+ 33.
Qd3 Qc6 34. Bf2 h5 35. Qe3 Kb8 36. Qa7+ Kc7 37. Qc5 Qxc5 38. Bxc5 h4 39. Rh1 Rh8 40. Rh3 Kc6 41. Bf2 Rf8 42. Bxh4 Rh8 43. Rh2 Rh5 44. Bg3 Rg5 45. Bb8 Rg8 46. Be5 Kd5 47.
Re2 b5 48. Kc2 Rg5 49. Bd4 e5 50. Be3 Rg3 51. b3 Rf3 52. Bd2 Rh3 53. Re3 Rh2 54. Rd3+ Ke4 55. c4 bxc4 56. bxc4 Rh7 57. Rc3 Rc7 58. c5 Kd5 59. Be3 Kc6 60. Kd3 Rh7 61. Ke4 Rh2 62. a3 Rh5 63. Rc1 Rh4+ 64. Kxe5 Ra4 65. Rc3 a5 66. Bd4 Kc7 67. c6 Kc8 68. c7 1-0

[Event "*** Titled Tuesday Blitz"]
[Site "Chess.com"]
[Date "2018.05.01"]
[Round "6"]
[White "Perecke"]
[Black "Morshynska"]
[Result "1/2-1/2"]
[WhiteElo "1950"]
[BlackElo "2026"]
[TimeControl "180+2"]
[EndTime "14:23:30 PDT"]
[Termination "Game drawn by repetition"]

1. e4 e5 2. Nf3 Nc6 3. d4 exd4 4. Bc4 Bc5 5. c3 Nf6 6. cxd4 Bb4+ 7. Bd2 Bxd2+ 8.
Nbxd2 d5 9. exd5 Nxd5 10. O-O O-O 11. Nb3 Nb6 12. Bd3 Bg4 13. h3 Bh5 14. Be2 Qd5 15. Qd2 Rad8 16. Rad1 Rfe8 17. Rfe1 h6 18. Nh4 Bxe2 19. Rxe2 Rxe2 20. Qxe2 Nb4 21. Nc5 Nd7 22.
Nxd7 Rxd7 23. a3 Nc6 24. Nf3 a6 25. b4 g6 26. Ne1 Nxd4 27. Qe8+ Kg7 28. Rd3 Qe6 29.
Qxe6 fxe6 30. Kf1 e5 31. f4 Rf7 32. g3 g5 33. Kg2 gxf4 34. gxf4 Rxf4 35. Rg3+ Kf6 36. Rc3 c6 37. Nd3 Re4 38. Nc5 Re2+ 39. Kf1 b6 40. Nxa6 Rh2 41. Nb8 Kf5 42. Nxc6 Ke4 43.
Nxd4 exd4 44. Rg3 d3 45. Ke1 Ra2 46. Rg6 Kd4 47. Rxb6 Kc3 48. Rc6+ Kd4 49. Rxh6 Ra1+ 50. Kd2 Ra2+ 51. Kd1 Rxa3 52. h4 Ra1+ 53. Kd2 Ra2+ 54.
Kc1 Kc3 55. Rc6+ Kxb4 56. h5 Rh2 57. h6 Kb3 58. Rd6 Kc3 59. Rc6+ Kd4 60. Rd6+ Ke3 61.
Re6+ Kd4 62. Rd6+ Kc3 63. Rc6+ Kd4 64. Rd6+ Kc3 65. Rc6+ 1/2-1/2

[Event "*** Titled Tuesday Blitz"]
[Site "Chess.com"]
[Date "2018.05.01"]
[Round "6"]
[White "XiaoKangZhong"]
[Black "wadsy27"]
[Result "0-1"]
[WhiteElo "2199"]
[BlackElo "2253"]
[TimeControl "180+2"]
[EndTime "14:23:42 PDT"]
[Termination "wadsy27 won by resignation"]

1. e4 c5 2. Nf3 e6 3. c3 d5 4. e5 Nc6 5. d4 Qb6 6. Bd3 Nh6 7. O-O cxd4 8. cxd4 Nf5 9. Bxf5 exf5 10. b3 Be6 11. Ba3 Nb4 12. Nc3 Be7 13. Na4 Qa5 14. Qd2 O-O 15. Bb2 Rac8 16. Bc3 Qb5 17. Nb2 a5 18. Rfc1 b6 19. Ne1 h6 20. Nbd3 Bg5 21. f4 Be7 22. Nxb4 axb4 23. Bb2 Qa5 24. Nd3 Rxc1+ 25. Qxc1 Rc8 26.
Qd2 Bd7 27. a4 b5 28. axb5 Qxb5 29. Ra4 Qb6 30. Ra1 g6 31. Rc1 Rxc1+ 32. Qxc1 Qb5 33. Qc2 Be6 34. Kf2 Bh4+ 35. g3 Bd8 36. Bc1 Bb6 37. Ke3 Kg7 38. Bd2 Ba5 39. Qc5 Qa6 40. Bxb4 Bxb4 41.
Qxb4 Qa2 42. Nf2 Bc8 43. Qc3 Ba6 44. Kf3 Qe2+ 45. Kg2 Qf1+ 46. Kf3 Be2+ 47. Ke3 Bh5 48. Qd2 Qg2 49. Qe1 Qxh2 50. Nd3 Qg2 51. Qf2 Qe4+ 52. Kd2 Qh1 53. b4 Qb1 54. Ke3 Bd1 55. Qd2 Ba4 56.
Qc1 Qb3 57. Qd2 Bb5 58. Ke2 Bxd3+ 59. Qxd3 Qxb4 60. Kf3 Qc4 61. Qe3 h5 62. Kf2 Qc2+ 63. Kf3 Qe4+ 64. Qxe4 fxe4+ 65. Ke3 f6 66. Kf2 Kf7 67.
Ke3 Ke6 68. Kf2 fxe5 69. dxe5 g5 70. fxg5 Kxe5 71. g6 Kf6 72. Ke3 Kxg6 73. Kd4 Kg5 74. Ke3 Kg4 75. Kd4 Kxg3 76. Kxd5 e3 77. Kd4 e2 78.
Kd3 e1=Q 0-1

[Event "*** Titled Tuesday Blitz"]
[Site "Chess.com"]
[Date "2018.05.01"]
[Round "6"]
[White "amatatanav"]
[Black "EmreDedebas"]
[Result "1/2-1/2"]
[WhiteElo "2402"]
[BlackElo "2388"]
[TimeControl "180+2"]
[EndTime "14:23:59 PDT"]
[Termination "Game drawn by agreement"]

1. e4 c5 2. Ne2 e6 3. d4 cxd4 4. Nxd4 Qb6 5. Nc3 Bc5 6. Be3 Nc6 7.
Na4 Qa5+ 8. c3 Bxd4 9. Bxd4 Nxd4 10. Qxd4 e5 11. Qb4 Qxb4 12. cxb4 Nf6 13. Nc3 d6 14. O-O-O Ke7 15. Bc4 Bd7 16. Nd5+ Nxd5 17. Bxd5 Rac8+ 18. Kb1 Rc7 19. Rd2 Bc6 20. Rhd1 Bxd5 21. Rxd5 Rd8 22. R1d3 Rc4 23. Rb5 b6 24. f3 Rdc8 25. a4 R8c6 26. a5 a6 27. Rxb6 Rxb6 28. axb6 Rxb4 29. Rc3 Rxb6 30. Rc7+ Ke6 31. Kc2 h5 32. Kc3 Rb5 33. Ra7 Rc5+ 34. Kd2 a5 35. Ra8 g6 36. Ra6 f5 37.
exf5+ gxf5 38. Ra8 h4 39. Rh8 Rc4 40. b3 Rd4+ 41.
Kc3 a4 42. b4 Kd5 43. Ra8 Rc4+ 44. Kd3 Rxb4 45. Ra5+ Ke6 46. Ra8 Rb2 47. Rxa4 Rxg2 48. Rxh4 Kd5 49. Rh8 f4 50. Rh6 Rf2 51. Rh3 Kc5 52. Ke4 Re2+ 53. Kf5 Kd4 54. Rh6 d5 55. h4 Re3 56. Ra6 Rxf3 57. Ra4+ Ke3 58. Kxe5 Rg3 59.
Rxf4 Rh3 60. Rg4 Kf3 61. Rd4 Kg3 62. Kf5 Rxh4 63. Rd3+ Kf2 64. Kg5 Rc4 65. Rd2+ Ke3 66. Rxd5 Ke4 67. Ra5 Rd4 68. Ra6 Rd5+ 69. Kf6 Kd4 1/2-1/2

[Event "*** Titled Tuesday Blitz"]
[Site "Chess.com"]
[Date "2018.05.01"]
[Round "6"]
[White "michaelq2d5"]
[Black "Oleksandr_Bortnyk"]
[Result "1-0"]
[WhiteElo "2719"]
[BlackElo "2780"]
[TimeControl "180+2"]
[EndTime "14:24:25 PDT"]
[Termination "michaelq2d5 won on time"]

1. d4 Nf6 2. c4 b6 3. Nc3 Bb7 4. a3 g6 5. d5 Bg7 6. e4 e5 7.
Bd3 O-O 8. Nge2 a5 9. Rb1 Na6 10.
O-O Nc5 11. Bc2 a4 12. f3 Ba6 13. Nxa4 Nxa4 14. Bxa4 Bxc4 15. Bb3 Ba6 16. Be3 c5 17.
dxc6 dxc6 18. Re1 Qc7 19. Qc2 Rad8 20. Rbd1 c5 21. Nc3 c4 22. Ba4 Rd3 23. Rxd3 cxd3 24. Qb3 Bc4 25. Qb4 Rb8 26. Bb5 Bxb5 27. Qxb5 Qd6 28. Rd1 Rd8 29. Qxb6 Qxb6 30. Bxb6 Rb8 31. Bc5 Rxb2 32. Rxd3 h5 33. Nd5 Rb1+ 34. Kf2 Rb2+ 35. Kf1 h4 36. Nxf6+ Bxf6 37. a4 Bg5 38. h3 Rb1+ 39.
Ke2 Rb2+ 40. Kf1 Rb1+ 41. Ke2 Rb2+ 42. Kd1 Rb1+ 43. Ke2 Rb2+ 44. Ke1 Rxg2 45. a5 Ra2 46.
Bb4 Kg7 47. Kd1 Ra4 48. Bc3 Kf6 49. Kc2 Rc4 50. Kb3 Rc8 51. Rd5 Bf4 52. a6 Ra8 53. Ra5 Ke6 54. Kc4 Kd6 55. a7 Kc6 56. Bb4 Be3 57.
Ra6+ Kb7 58. Rf6 Kxa7 59. Rxf7+ Kb6 60. Rf6+ Kc7 61. Bd6+ Kd7 62. Bxe5 g5 63. Bc3 Bf4 64. Rf5 Ke6 65. Rb5 Rc8+ 66. Kd3 Rd8+ 67. Bd4 Ra8 68. Rb6+ Kd7 69. e5 Bh2 70. Rg6 Ra4 71. Rxg5 Ke6 72.
Ke4 Bg3 73. Rg6+ Kf7 74. Rf6+ Ke7 75. Kd5 Kd7 76. Rf7+ Ke8 77. e6 Ra2 78. Bc5 Rd2+ 79. Kc4 Rc2+ 80. Kb5 Kd8 81. Kc6 1-0

[Event "*** Titled Tuesday Blitz"]
[Site "Chess.com"]
[Date "2018.05.01"]
[Round "6"]
[White "Al_Shima"]
[Black "Orest_Vovk"]
[Result "0-1"]
[WhiteElo "2402"]
[BlackElo "2481"]
[TimeControl "180+2"]
[EndTime "14:24:54 PDT"]
[Termination "Orest_Vovk won by checkmate"]

1. b3 g6 2. Bb2 Nf6 3. Bxf6 exf6 4. c4 f5 5. Nc3 Bg7 6. g3 O-O 7. Bg2 Nc6 8. e3 b6 9. Nge2 Bb7 10. O-O Na5 11. d4 Bxg2 12. Kxg2 Nb7 13. b4 Nd6 14. c5 Ne4 15. Qc2 Nxc3 16. Nxc3 Qe7 17. Nd5 Qd8 18.
cxb6 cxb6 19. Rfc1 Kh8 20. Qc7 Qe8 21. Qd6 Qe4+ 22. Kg1 h5 23. h4 Qe6 24. Qxe6 dxe6 25. Nc7 Rad8 26. f4 Rd7 27. Kf1 Rfd8 28. Rc4 Bf8 29. a3 Kg7 30. Rac1 a5 31. R1c3 axb4 32. axb4 Be7 33. Ke2 b5 34. Nxb5 Rb8 35. Nc7 Rxb4 36.
Rxb4 Bxb4 37. Rc4 Be7 38. Kd3 Bd8 39. Nb5 Ba5 40. Rc5 Be1 41. Rc1 Bxg3 42. Rh1 Rb7 43. Kc4 Bf2 44. Rh3 Rb8 45. Nc3 Rc8+ 46. Kd3 Ra8 47.
Ke2 Ra3 48. Kxf2 Rxc3 49. Kf3 Rc1 50. Rh2 Rf1+ 51. Ke2 Ra1 52. Kf3 Kf6 53. Rg2 Rh1 54. Kg3 Re1 55. Kf2 Rh1 56. Kg3 Ke7 57. Ra2 Kd6 58.
Ra7 Kd5 59. Rxf7 Ke4 60. Re7 Kxe3 61. Rxe6+ Kxd4 62. Re8 Rg1+ 63. Kf3 Rg4 64. Rg8 Kd5 65. Rd8+ Ke6 66. Re8+ Kf7 67. Ra8 Rxh4 68. Ra7+ Kf6 69. Rb7 Rh3+ 70. Kg2 Ra3 71. Rb6+ Kg7 72. Rc6 h4 73.
Rc7+ Kh6 74. Rc8 Kh5 75. Rg8 Rg3+ 76. Kf2 Ra3 77. Rg7 Ra6 78. Rg8 Kg4 79. Rh8 Ra4 80.
Ke3 Re4+ 81. Kf2 Rxf4+ 82. Kg2 Ra4 83. Rh6 g5 84. Rb6 Ra2+ 85. Kh1 f4 86. Rb3 f3 87. Rb1 Kh3 88. Rf1 g4 89. Rb1 g3 90.
Rc1 g2+ 91. Kg1 f2# 0-1

[Event "*** Titled Tuesday Blitz"]
[Site "Chess.com"]
[Date "2018.05.01"]
[Round "6"]
[White "ruvat"]
[Black "KRASAVCHIK2002"]
[Result "1-0"]
[WhiteElo "2241"]
[BlackElo "2037"]
[TimeControl "180+2"]
[EndTime "14:25:01 PDT"]
[Termination "ruvat won by resignation"]

1. d4 Nf6 2. c4 c5 3. d5 b5 4. Nf3 bxc4 5. Nc3 d6 6. e4 Nbd7 7. Bxc4 g6 8. O-O Bg7 9. Re1 O-O 10. e5 dxe5 11. Nxe5 Nxe5 12. Rxe5 Ng4 13. Re2 Qd6 14.
g3 Ne5 15. Ne4 Qb6 16. Qb3 Nxc4 17. Qxc4 Ba6 18. Qc2 Bxe2 19. Qxe2 Rab8 20. Rb1 Qa5 21. a3 Rbc8 22. h4 c4 23. Bg5 Qxd5 24. Rd1 Qe6 25. Qc2 h6 26. Bf4 Rfd8 27. Re1 Qb6 28. Re2 Qb3 29. Kg2 Qxc2 30. Rxc2 f5 31. Nc3 Bxc3 32.
Rxc3 Rd3 33. Rc2 h5 34. Be3 a6 35. Kf1 Kf7 36. Ke2 Ke6 37. Bd2 Kd5 38. Bc3 e5 39. Rc1 e4 40. Rc2 Rb8 41. Rc1 Rb3 42. Rc2 e3 43. f3 Ke6 44. a4 f4 45. g4 hxg4 46.
fxg4 Kd5 47. Kf3 Rd1 48. Kxf4 Rh1 49. Kxe3 Rxh4 50. Kf4 Rh3 51. Kg5 Rg3 52. Be1 Rg1 53. Bc3 Ke4 54. Rd2 Kf3 55. Rd4 Rb6 56. Rxc4 Re6 57.
Rf4+ Ke2 58. Rc4 Kd3 59. Rd4+ Kc2 60. a5 Re5+ 61. Kf6 Rb5 62. Rd2+ Kb3 63. Rd4 g5 64. Re4 Rf1+ 65. Kg6 Rf4 66. Re3 Rxg4 67. Bf6+ Kc2 68. Rc3+ Kd2 69. Rc6 Rg2 70. Bc3+ Kd3 71. Rxa6 g4 72.
Rd6+ Kc4 73. a6 Rb8 74. Rd4+ Kc5 75. Kf5 g3 76. Rg4 Rg1 77. Bd4+ Kd5 78. Bxg1 1-0

[Event "*** Titled Tuesday Blitz"]
[Site "Chess.com"]
[Date "2018.05.01"]
[Round "6"]
[White "JoachimBN"]
[Black "Hrant_ChessMood"]
[Result "0-1"]
[WhiteElo "2563"]
[BlackElo "2823"]
[TimeControl "180+2"]
[EndTime "14:25:05 PDT"]
[Termination "Hrant_ChessMood won by resignation"]

1. c4 Nf6 2. Nc3 g6 3. e4 d6 4. d4 Bg7 5. Be2 O-O 6. Nf3 c5 7. O-O Re8 8. h3 cxd4 9. Nxd4 Nc6 10. Be3 Nxd4 11. Bxd4 Bd7 12. Qd2 Bc6 13. Bd3 a5 14. b3 Nd7 15. Bxg7 Kxg7 16. Rae1 Qb6 17. Kh1 Qd4 18.
f4 f6 19. Re3 Qc5 20. Nd5 Rac8 21. h4 e6 22. Nc3 a4 23. Rh3 axb3 24. axb3 h6 25.
Rg3 Nf8 26. Ne2 Ra8 27. b4 Qa7 28. f5 exf5 29. exf5 Qa2 30. Qxa2 Rxa2 31. Nd4 g5 32. hxg5 hxg5 33. b5 Be4 34. Rd1 Re5 35. Bxe4 Rxe4 36.
Rgd3 Rh4+ 37. Kg1 Rg4 38. R3d2 Ra4 39. b6 Rxc4 40. Nb5 Rb4 41. Nxd6 Rxb6 42. Ne8+ Kf7 43. Nd6+ Kg8 44. Nc8 Rb5 45. Rd8 Rb2 46. R1d2 Rxd2 47. Rxd2 Rc4 48. Nd6 Rc7 49. Rb2 Rd7 50. Nxb7 Rd5 51.
Re2 Rxf5 52. Nd6 Rd5 53. Ne4 Kg7 54. Rf2 Nh7 55. Ng3 Kg6 56. Rc2 Re5 57. Kf2 Nf8 58. Rc6 Ne6 59. Rc4 Nf4 60. Rc3 Ra5 61. Kf3 Ra2 62. Ne4 Nxg2 63. Rc6 Nh4+ 64. Ke3 Ra3+ 65.
Ke2 Rf3 66. Rc8 Rf4 67. Nc5 Nf5 68. Kd3 Rf3+ 69. Ke2 Re3+ 70. Kf2 Re5 71. Nd7 Rd5 72. Nf8+ Kf7 73. Nh7 Nd6 74. Rc7+ Kg6 75. Nf8+ Kf5 76. Nd7 Nb5 77. Rb7 Nd4 78. Nb6 Rb5 79. Nc4 Rxb7 80.
Nd6+ Kf4 81. Nxb7 f5 82. Nc5 g4 83. Nd3+ Kg5 84. Kg3 Ne6 85. Ne5 f4+ 86. Kf2 Kf5 87. Nd3 Ng5 88. Nc5 g3+ 89. Kg2 Kg4 90.
Nd3 f3+ 91. Kf1 g2+ 92. Kg1 Nh3+ 0-1

[Event "*** Titled Tuesday Blitz"]
[Site "Chess.com"]
[Date "2018.05.01"]
[Round "6"]
[White "SCIM"]
[Black "nihalsarin"]
[Result "1-0"]
[WhiteElo "2407"]
[BlackElo "2722"]
[TimeControl "180+2"]
[EndTime "14:25:06 PDT"]
[Termination "SCIM won by resignation"]

1. d4 Nf6 2. c4 g6 3. f3 Nh5 4. Nh3 Bg7 5. Nc3 d6 6. Nf2 e5 7. d5 O-O 8. e4 f5 9. Be3 a5 10. Qc2 Na6 11. O-O-O Nb4 12. Qb3 b6 13. Be2 Nf4 14.
Bf1 Bd7 15. g3 Nh5 16. Be2 f4 17. gxf4 Nxf4 18. Bxf4 Rxf4 19. Kb1 Qh4 20. Nd3 Nxd3 21. Rxd3 Bh3 22. Nb5 Rc8 23. Rc1 Bg2 24. Na7 Rcf8 25.
Nb5 R4f7 26. Qc2 Bh6 27. Rcd1 Bf4 28. c5 bxc5 29. Ra3 Qxh2 30. Rxa5 h5 31. Ra7 h4 32.
Rxc7 Rxc7 33. Nxc7 Qg3 34. Ne6 Rf7 35. Qa4 Re7 36.
Qa8+ Kh7 37. Qf8 Bg5 38. Qc8 h3 39. Nf8+ Kg7 40. Ne6+ Kh7 41. Nf8+ Kh6 42. Ne6 h2 43. Qh8+ Rh7 44. Qf8+ Kh5 45. f4+ Bf3 46. Nxg5 Bxe2 47.
Nxh7 Qd3+ 48. Rxd3 Bxd3+ 49. Kc1 h1=Q+ 50. Kd2 Qf1 51. Nf6+ Kh4 52. Qh6+ Kg3 53. Qg5+ Kf3 54. Qg4+ Kf2 55.
Qh4+ Kg2 56. Qg4+ Kh2 57. Qh4+ Kg2 58. Qg4+ Kf2 59. fxe5 dxe5 60. Qh4+ Kg2 61. Qg4+ Kh2 62. Qh4+ Kg2 63. Qg5+ Kh2 64. Ng4+ Kh3 65. Qe3+ Kxg4 66. Qxd3 Qa1 67. Qe2+ Kg5 68. Qg2+ Kf6 69. Qf2+ Ke7 70. Qxc5+ Kf7 71. Qc7+ Kf6 72. Qd6+ Kf7 73. Qe6+ Kf8 74. Qf6+ Kg8 75. Qxg6+ Kh8 76. Qf6+ Kg8 77. Qxe5 Qxa2 78.
d6 Qa4 79. Qd5+ Kg7 80. d7 Qb4+ 81. Kc2 Qa4+ 82. Kb1 Qa7 83. d8=Q Qg1+ 84. Qd1 1-0

[Event "*** Titled Tuesday Blitz"]
[Site "Chess.com"]
[Date "2018.05.01"]
[Round "6"]
[White "Gogolev_Artemy"]
[Black "tuttocalabria"]
[Result "1/2-1/2"]
[WhiteElo "2445"]
[BlackElo "2352"]
[TimeControl "180+2"]
[EndTime "14:25:26 PDT"]
[Termination "Game drawn - insufficient material"]

1. Nf3 d6 2. d4 Bg4 3. g3 Nd7 4. Bg2 e5 5. O-O Ngf6 6. Nc3 c6 7. h3 Bh5 8. dxe5 dxe5 9. g4 Bg6 10. Nh4 Be7 11. Nxg6 hxg6 12. Be3 Nc5 13. Qxd8+ Rxd8 14. Rfd1 a5 15. Rxd8+ Kxd8 16. Rd1+ Kc8 17. a3 Rd8 18. Rxd8+ Kxd8 19. f3 Nfd7 20. Kf2 f5 21. f4 e4 22. g5 Ne6 23. Bd2 Bc5+ 24. e3 Nxf4 25. Na4 Nxg2 26. Bxa5+ Ke8 27. Nxc5 Nxc5 28. Kxg2 Ne6 29. h4 b5 30. b3 Kd7 31. a4 bxa4 32. bxa4 Nc5 33. Bc3 Nxa4 34. Bxg7 Nb6 35. Bd4 Nd5 36. c4 Nb4 37.
Kg3 Nd3 38. c5 Ke6 39. h5 gxh5 40. g6 Nb4 41. Kh4 Nd5 42. Kxh5 f4 43. exf4 e3 44. Kh6 e2 45. Bf2 Kf6 46. Kh7 Ne7 47. Bh4+ Kf5 48. g7 Kxf4 49. Bxe7 e1=Q 50. Bg5+ Kf5 51. g8=Q Qh1+ 52.
Bh6 Qh5 53. Qc8+ Ke4 54. Qxc6+ Kd4 55. Qd6+ Kc4 56. Kg7 Qxc5 57. Qa6+ Qb5 58. Qa2+ Qb3 59. Qf2 Qb7+ 60. Kg6 Qe4+ 61. Kh5 Qd5+ 62. Bg5 Qd1+ 63.
Kg6 Qd3+ 64. Kf7 Qd7+ 65. Be7 Qd5+ 66. Kf8 Qa8+ 67. Kg7 Qe4 68. Qb6 Qg4+ 69. Kf7 Qf5+ 70. Bf6 Qd5+ 71. Ke8 Qa8+ 72. Bd8 Qe4+ 73. Be7 Qa8+ 74.
Kd7 Qd5+ 75. Bd6 Qf7+ 76. Kc8 Qe8+ 77. Kb7 Qe4+ 78. Ka7 Qh7+ 79. Ka6 Qe4 80. Qb4+ Kd3 81. Qb3+ Ke2 82. Bc5 Qa8+ 83. Kb5 Qb7+ 84. Bb6 Qd7+ 85.
Ka5 Qd2+ 86. Ka4 Qd3 87. Qe6+ Kd1 88. Bc5 Qc2+ 89. Ka3 Qxc5+ 90. Kb3 Qb5+ 91. Kc3 Qc5+ 92. Kd3 Qc2+ 93. Kd4 Qd2+ 94. Ke5 Qe2+ 95. Kd6 Qxe6+ 96. Kxe6 1/2-1/2

[Event "*** Titled Tuesday Blitz"]
[Site "Chess.com"]
[Date "2018.05.01"]
[Round "6"]
[White "RodinMihail"]
[Black "nOcHeaTiNgKiD"]
[Result "1-0"]
[WhiteElo "2413"]
[BlackElo "2351"]
[TimeControl "180+2"]
[EndTime "14:25:53 PDT"]
[Termination "RodinMihail won by resignation"]

1. e4 e5 2. Nf3 Nf6 3. Nc3 Nc6 4. d4 exd4 5. Nxd4 Bb4 6. Nxc6 bxc6 7. Bd3 d5 8. exd5 O-O 9. O-O cxd5 10. Bg5 c6 11.
Qf3 h6 12. Bf4 Be7 13. h3 Be6 14. Rfe1 Re8 15. Ne2 c5 16. Rad1 Qb6 17. Be5 Nd7 18. Nf4 Nxe5 19. Rxe5 Bf6 20. Nxd5 Bxd5 21. Rxe8+ Rxe8 22. Qxd5 Qxb2 23. Qxc5 Qxa2 24. Qf5 Qe6 25. Qh7+ Kf8 26.
Rb1 Bd4 27. g3 Qe5 28. Kf1 Qf6 29. Qf5 Qxf5 30. Bxf5 Bb6 31. Bd3 Rc8 32. Rb5 Rc5 33.
Rb4 Ke7 34. Ke2 Re5+ 35. Kf1 f5 36. Rc4 Rc5 37. Ra4 Kf6 38. Ra2 g5 39. Ke2 Re5+ 40. Kf1 Rc5 41. Ra4 Re5 42. Rc4 Rc5 43. Ra4 Ra5 44. Rb4 Rc5 45. Kg2 Re5 46. f4 Rc5 47.
fxg5+ hxg5 48. h4 gxh4 49. Rxh4 Kg5 50. Rh8 Rc6 51. Rf8 Rf6 52. Rg8+ Rg6 53. Re8 Rf6 54. Kf3 Kh6 55. Re5 Kg5 56. g4 Bc7 57. Rd5 Bb6 58. gxf5 Rc6 59. Rd7 Kf6 60. Rh7 Ke5 61. Re7+ Kf6 62.
Re8 a5 63. Re4 Bc5 64. Rg4 Ke5 65. Re4+ Kf6 66. Re8 a4 67. Bb5 Rb6 68. Bxa4 Kxf5 69. Bb3 Kf6 70. Ke4 Be7 71. Kd5 Rd6+ 72. Ke4 Rc6 73.
Ra8 Rb6 74. Kd5 Rd6+ 75. Kc4 Rc6+ 76. Kb5 Rc5+ 77. Kb6 Rc3 78. Ra6 Ke5 79. Kb5 Kd4 80. Re6 Ba3 81. Re8 Bc1 82. Rd8+ Ke5 83. Kb4 Rc7 84. c4 Be3 85. Rd5+ Ke4 86. Bc2+ Kf4 87.
Rf5+ Kg4 88. Kc3 Bg1 89. Rd5 Bf2 90. Kd3 Kg3 91. Ke4 Re7+ 92. Kd3 Rc7 93. Rg5+ Kf4 94. Rg8 Rd7+ 95. Kc3 Bd4+ 96. Kb3 Rb7+ 97. Ka4 Ke5 98. Rd8 Rc7 99. Rd5+ Kf4 100. Rxd4+ Ke3 101. Rh4 Kd2 102. Bf5 Kc3 103. Be6 Rc5 104. Bd5 Rc7 105. Kb5 Rc8 106. Bb7 Rc7 107. Bc6 Rc8 108. c5 Rb8+ 109. Ka6 Rc8 110.
Kb7 Rxc6 1-0

[Event "*** Titled Tuesday Blitz"]
[Site "Chess.com"]
[Date "2018.05.01"]
[Round "6"]
[White "VerdeNotte"]
[Black "Jospem"]
[Result "0-1"]
[WhiteElo "2626"]
[BlackElo "2696"]
[TimeControl "180+2"]
[EndTime "14:26:17 PDT"]
[Termination "Jospem won by checkmate"]

1. e4 c5 2. Nf3 d6 3. c3 Nf6 4. Be2 g6 5. O-O Bg7 6. Bb5+ Nc6 7. Re1 O-O 8. h3 Qb6 9. Na3 a6 10. Bf1 Qc7 11. d3 b5 12. Nc2 e5 13. Bg5 h6 14. Bxf6 Bxf6 15. Ne3 Be6 16. a4 Rab8 17. axb5 axb5 18. g3 Bg7 19. Bg2 Ra8 20. Qd2 Na5 21.
Qe2 Nb3 22. Rxa8 Rxa8 23. Nd2 Na5 24. f4 exf4 25. gxf4 Re8 26. Qf2 Nc6 27. f5 Bd7 28.
Nd5 Qd8 29. f6 Bf8 30. Nf1 Be6 31. Nfe3 b4 32. Ra1 bxc3 33. bxc3 Ne5 34. d4 cxd4 35. cxd4 Nd7 36. Ne7+ Bxe7 37. fxe7 Qxe7 38. d5 Bxh3 39. Bxh3 Nc5 40. Qf4 Qxe4 41. Qxe4 Rxe4 42. Kf2 Kg7 43.
Kf3 Rb4 44. Ra8 Ne4 45. Bg2 Ng5+ 46. Ke2 Rb2+ 47. Kf1 Rb3 48. Nc4 Rb1+ 49. Kf2 h5 50.
Nxd6 h4 51. Ne4 Rb2+ 52. Kg1 h3 53. Nf2 hxg2 54. Ra5 Rd2 55. d6 Nf3+ 56. Kxg2 Nh4+ 57. Kh3 Nf5 58. Ne4 Rd3+ 59. Kg2 Nxd6 60. Ng3 Rb3 61. Rd5 Nc4 62. Rc5 Ne3+ 63. Kf2 Ng4+ 64. Kg2 Rb2+ 65. Kf3 Nf6 66. Ra5 Rb3+ 67. Kg2 Rd3 68. Rb5 Rd5 69. Rb7 Rd7 70. Rb6 Nd5 71. Rb5 f5 72. Kf3 Kf6 73.
Ra5 Rd6 74. Ra8 Rb6 75. Rf8+ Kg5 76. Rd8 Rb3+ 77. Kf2 Nf6 78. Rd4 f4 79. Ne2 Ng4+ 80. Ke1 f3 81. Rd5+ Kh4 82. Nc1 Re3+ 83. Kf1 g5 84. Nd3 Re6 85. Rd4 Kg3 86. Ra4 Rd6 87. Ra3 Ne3+ 88. Ke1 Rxd3 89. Rxd3 f2+ 90. Kd2 f1=Q 91.
Rxe3+ Kf4 92. Re8 Qb5 93. Rf8+ Ke4 94. Rf2 Qd5+ 95. Ke1 Qa5+ 96. Kf1 g4 97. Re2+ Kf4 98. Rf2+ Kg5 99. Kg2 Qd5+ 100. Kg3 Qe5+ 101. Kg2 g3 102. Rf8 Kh4 103. Kf1 Qb2 104. Rf7 Qb1+ 105. Kg2 Qa2+ 106. Kh1 Qh2# 0-1

[Event "*** Titled Tuesday Blitz"]
[Site "Chess.com"]
[Date "2018.05.01"]
[Round "7"]
[White "HarutyunianTigranK"]
[Black "Gogolev_Artemy"]
[Result "1-0"]
[WhiteElo "2730"]
[BlackElo "2442"]
[TimeControl "180+2"]
[EndTime "14:30:20 PDT"]
[Termination "HarutyunianTigranK won by resignation"]

1. c4 Nf6 2. Nc3 e6 3. e4 c5 4. e5 Ng8 5. Nf3 Nc6 6. d4 cxd4 7. Nxd4 Nxe5 8. Ndb5 Nc6 9. Nd6+ Bxd6 10. Qxd6 Qe7 11.
Bf4 a6 12. O-O-O Nf6 13. Qd2 e5 14. Bg5 O-O 15. Nd5 Qd8 16. Bd3 Nd4 17. Bxf6 gxf6 18. Qh6 1-0